 Dungeon Sprint DCSS version 0.30-a0-1112-gfb780f5df6 (webtiles) character file.

Game seed: 12911705029089411339

1232 sircluck the Severer (level 8, -6/124 HPs)
             Began as a Hill Orc Berserker on Apr 19, 2023.
             Was a High Priest of Trog.
             Mangled by Snorg (17 damage)
             ... in the Dungeon (Sprint III: "The Ten Rune Challenge").
             The game lasted 00:02:52 (1170 turns).

sircluck the Severer (Hill Orc Berserker)           Turns: 1170, Time: 00:02:54

Health: -6/124     AC:  4    Str: 22    XL:     8   Next: 48%
Magic:  8/8        EV: 13    Int:  7    God:    Trog [*****.]
Gold:   44         SH:  0    Dex: 10    Spells: 7/7 levels left

rFire   . . .      SeeInvis .    a - +0 hand axe
rCold   + . .      Faith    .    (no shield)
rNeg    . . .      Spirit   .    p - +2 robe {rC+}
rPois   .          Reflect  .    (no helmet)
rElec   .          Rampage  .    (no cloak)
rCorr   .          NoTele   +    (no gloves)
Will    .....                    (no boots) Stlth
                                 (no amulet)
HPRegen 0.40/turn                (no ring)
MPRegen 0.11/turn                (no ring)

@: berserking, slow
A: no striking features
a: Renounce Religion, Berserk, Trog's Hand, Brothers in Arms


You were in the Dungeon.
You worshipped Trog.
Trog was extremely pleased with you.
You visited 1 branch You collected 44 gold pieces.

Inventory:

Hand Weapons
 a - a +0 hand axe (weapon)
Armour
 b - a +0 animal skin
 p - a +2 robe of cold resistance (worn)
Scrolls
 h - a scroll of blinking
 i - a scroll of fear {unknown}
 k - a scroll of immolation {unknown}
 l - 2 scrolls of identify {unknown}
 n - a scroll of poison {unknown}
Potions
 c - 2 potions of curing
 d - a potion of heal wounds
 e - a potion of haste
 f - 2 potions of magic
 g - 3 potions of berserk rage
 j - 4 potions of mutation {unknown}
 m - a potion of invisibility {unknown}
 o - 2 potions of flight
Miscellaneous
 q - a lightning rod (4/4)


   Skills:
 + Level 12.1 Fighting
 + Level 16.2 Axes
 + Level 5.4 Armour
 + Level 5.8 Dodging
 + Level 4.0 Stealth


You had 7 spell levels left.
You didn't know any spells.
Your spell library was empty.

Dungeon Overview and Level Annotations

Branches:
Dungeon (1/1)

Altars:
Cheibriados
Dithmenos
Elyvilon
Fedhas
Gozag
Hepliaklqana
Kikubaaqudgha
Makhleb
Nemelex Xobeh
Okawaru
Qazlal
Ru
Sif Muna
Trog
Uskayaw
Vehumet
Wu Jian
Xom
Yredelemnul
Zin
The Shining One
Beogh
Jiyva
Lugonu

Shops:
D *

Annotations:
D Snorg


Message History

Found Vilug's General Store.
You close the door.
You enter the shallow water.
Moving in this stuff is going to be slow.
Snorg the Insatiable comes into view.
Snorg shouts!
A red film seems to cover your vision as you go berserk!
You feel yourself moving faster!
You feel mighty! Snorg bites you. Snorg claws you. Snorg claws you!
Your unstable footing causes you to fumble your attack.
Snorg draws her long claws delicately across her gut.
Snorg bites you. Snorg claws you! Snorg closely misses you.
You slice Snorg!!
Snorg is lightly wounded.
You slash Snorg!
Snorg is moderately wounded.
Your unstable footing causes you to fumble your attack.
Snorg goes berserk!
You slice Snorg!! You punch Snorg!
Snorg is heavily wounded.
You slash Snorg!
Snorg is severely wounded.
Snorg barely misses you. Snorg claws you! x2
You slash Snorg!
Snorg is severely wounded.
Snorg bites you! Snorg claws you! Snorg claws you!!
* * * LOW HITPOINT WARNING * * *
Your unstable footing causes you to fumble your attack.
You slice Snorg!!
Snorg is almost dead.
Snorg closely misses you. Snorg completely misses you. Snorg claws you!
* * * LOW HITPOINT WARNING * * *
You barely miss Snorg.
Snorg is almost dead.
Snorg bites you.
* * * LOW HITPOINT WARNING * * *
Snorg claws you!
* * * LOW HITPOINT WARNING * * *
Snorg claws you!
You die...

..#___#___#__#∩##
..#.).#__.#._#$.
..###'#'###)##$$
..#..........#$$
..'.⌠........#$#
..#)..######'#$#
..#.⌠.#__#...#+#####
..#.).#__#...#.§§§~+
..#'###__#...#.#@§§#
..#.:.#__#...'.#T§§#
..#___#__'...#.#§§§#
▓▓▓▓▓▓▓▓▓▓▓▓▓▓▓▓▓▓▓▓


You could see Snorg (berserk).

Vanquished Creatures
  A deep elf pyromancer (D)
  A shadow (D)
  A spatial vortex (D)
  A necrophage (D)
  A water elemental (D)
  A jelly (D)
  Jessica (D)
  A wizard (D)
  A necromancer (D)
  A kobold demonologist (D)
  3 humans (D)
  A wolf (D)
  3 rats (D)
17 creatures vanquished.

Notes
Turn   | Place    | Note
-------+----------+-------------------------------------------
     0 | D        | sircluck the Hill Orc Berserker began the quest for the
                  | Orb.
     0 | D        | Reached XP level 1. HP: 19/19 MP: 1/1
    45 | D        | Reached ** piety under Trog
    62 | D        | Noticed Jessica
    70 | D        | Killed Jessica
    71 | D        | Reached skill level 5 in Fighting
    71 | D        | Reached skill level 6 in Axes
    71 | D        | Reached XP level 2. HP: 26/29 MP: 2/2
    71 | D        | Reached XP level 3. HP: 33/36 MP: 3/3
   133 | D        | Reached skill level 7 in Axes
   133 | D        | Reached XP level 4. HP: 8/45 MP: 4/4
   272 | D        | Noticed a water elemental
   280 | D        | Killed a water elemental
   280 | D        | Reached *** piety under Trog
   281 | D        | Reached skill level 8 in Axes
   281 | D        | Reached skill level 1 in Stealth
   281 | D        | Reached XP level 5. HP: 52/52 MP: 5/5
   344 | D        | Found a basalt altar of Yredelemnul.
   344 | D        | Found a shadowy altar of Dithmenos.
   344 | D        | Found a sacrificial altar of Ru.
   352 | D        | Reached skill level 10 in Axes
   489 | D        | Found a hide-covered altar of Uskayaw.
   489 | D        | Found a roughly hewn altar of Beogh.
   489 | D        | Found an iron altar of Okawaru.
   489 | D        | Found a bloodstained altar of Trog.
   489 | D        | Found an ornate altar of the Wu Jian Council.
   489 | D        | Noticed a human
   499 | D        | Found a radiant altar of Vehumet.
   499 | D        | Found a shimmering blue altar of Sif Muna.
   499 | D        | Found an ancient bone altar of Kikubaaqudgha.
   507 | D        | Reached **** piety under Trog
   508 | D        | Reached XP level 6. HP: 62/62 MP: 6/6
   513 | D        | Reached skill level 11 in Axes
   587 | D        | Noticed a human
   593 | D        | Killed a human
   594 | D        | Reached skill level 10 in Fighting
   594 | D        | Reached skill level 12 in Axes
   598 | D        | Killed a human
   599 | D        | Reached skill level 13 in Axes
   599 | D        | Reached skill level 5 in Armour
   599 | D        | Reached XP level 7. HP: 73/73 MP: 7/7
   649 | D        | Found a glowing silver altar of Zin.
   649 | D        | Found a glowing golden altar of the Shining One.
   649 | D        | Found a white marble altar of Elyvilon.
   651 | D        | Noticed a deep elf pyromancer
   658 | D        | Killed a deep elf pyromancer
   659 | D        | Reached skill level 15 in Axes
   659 | D        | Reached skill level 5 in Dodging
   659 | D        | Reached XP level 8. HP: 82/82 MP: 8/8
   734 | D        | Noticed a shadow
   752 | D        | Killed a shadow
   752 | D        | Reached ***** piety under Trog
   993 | D        | Found a blossoming altar of Fedhas.
   993 | D        | Found a stormy altar of Qazlal.
   993 | D        | Found a snail-covered altar of Cheibriados.
   993 | D        | Found a burning altar of Makhleb.
   993 | D        | Found a shimmering altar of Xom.
   994 | D        | Found a hazy altar of Hepliaklqana.
   994 | D        | Found an opulent altar of Gozag.
   994 | D        | Found a sparkling altar of Nemelex Xobeh.
   994 | D        | Found a corrupted altar of Lugonu.
   994 | D        | Found a viscous altar of Jiyva.
  1006 | D        | Reached skill level 16 in Axes
  1156 | D        | Found Vilug's General Store.
  1159 | D        | Noticed Snorg
  1170 | D        | Mangled by Snorg

Illustrated notes

Levels and vault maps discovered:
D:        dungeon_sprint_mu [sprint_mu_entry_cave, sprint_mu_temple_rooms,
          sprint_mu_d1_horrors, sprint_mu_d2_genie, sprint_mu_d3_branching,
          sprint_mu_orc_legion, sprint_mu_elf_gauntlet, sprint_mu_hive_nellie,
          sprint_mu_lair_fedhas, sprint_mu_vaults_butterflies,
          sprint_mu_slime_circle, sprint_mu_shoals_kraken,
          sprint_mu_snake_twists, sprint_mu_blade_basic,
          sprint_mu_crypt_chambers, sprint_mu_tomb_spiral,
          sprint_mu_vestibule_basic, sprint_mu_gehenna_hellfire,
          sprint_mu_dis_giant, sprint_mu_tartarus_statrot,
          sprint_mu_cocytus_islands, sprint_mu_zot1]

Skill      XL: |  1  2  3  4  5  6  7  8 |
---------------+-------------------------+-----
Fighting       | 5 6 7 8 10 11 12 | 12.1
Axes           | 6 7 8 10 13 15 16 | 16.2
Dodging        | 2 3 4 5 |  5.8
Armour         | 3 4 5 |  5.4
Stealth        | 1 2 3 4 |  4.0

Action                     |  1- 3 |  4- 6 |  7- 9 || total
---------------------------+-------+-------+-------++-------
  Melee: Hand axe          |    29 |    41 |    40 ||   110
         Punch             |       |       |     3 ||     3
 Invoke: Berserk           |     1 |     3 |     3 ||     7
   Stab: Sleeping          |     2 |       |       ||     2
 Armour: Animal skin       |     1 |     3 |       ||     4
  Dodge: Dodged            |    16 |    13 |     9 ||    38

Table legend: (Time is in decaauts)
 A = Elapsed time spent in this place.
 B = Non-inter-level travel time spent in this place.
 C = Inter-level travel time spent in this place.
 D = Time resting spent in this place.
 E = Time spent auto-exploring this place.
 F = Levels seen in this place.
 G = Mean time per level.
                   A        B        C        D        E       F      G
               +--------+--------+--------+--------+--------+-----+--------+
         Total |   1205 |   1172 |     33 |    723 |    248 |   1 | 1205.0 |
       Dungeon |   1205 |   1172 |     33 |    723 |    248 |   1 | 1205.0 |
               +--------+--------+--------+--------+--------+-----+--------+

Top non-repeatable levels by time:
       D: 1205 daAuts
